| TOP OF THE 1ST |
|
Burlington Royals batting - Pitching for Orem Owlz : RHP Jeff Shelton
|
|
Pitching: RHP Jeff Shelton
|
|
|
Batting: RHB Shura Mogilny
|
0-0: Ball 1-0: Ball 2-0: Foul Ball, location: 2F 2-1: Swinging Strike 2-2: Foul Ball, location: 2F 2-2: Ball 3-2: Strikes out looking
|
|
Batting: RHB Tim Williams
|
0-0: Called Strike 0-1: Called Strike 0-2: Foul Ball, location: 2F 0-2: Ground out 2-3 (Groundball, 15S, EV 65.6 MPH)
|
|
Batting: SHB Alex Cavazos
|
0-0: Ground out 6-3 (Groundball, 6, EV 78.1 MPH)
|
| Top of the 1st over - 0 runs, 0 hits, 0 errors, 0 left on base; Burlington 0 - Orem 0 |
| BOTTOM OF THE 1ST |
|
Orem Owlz batting - Pitching for Burlington Royals : RHP Alex Rivas
|
|
Pitching: RHP Alex Rivas
|
|
|
Batting: RHB Joe Hewitt
|
0-0: Foul Ball, location: 2F 0-1: Ball 1-1: Ground out U3 (Groundball, 34, EV 81.2 MPH)
|
|
Batting: RHB Fred Saxton
|
0-0: Foul Ball, location: 2F 0-1: Ball 1-1: Ball 2-1: Ball 3-1: Foul Ball, location: 2F 3-2: Base on Balls
|
|
Batting: RHB Brian Spry
|
0-0: Called Strike Fred Saxton is caught stealing 2nd base 2-4 0-1: Swinging Strike 0-2: Ball 1-2: Fly out, F7 (Flyball, 7, EV 76.9 MPH)
|
| Bottom of the 1st over - 0 runs, 0 hits, 0 errors, 0 left on base; Burlington 0 - Orem 0 |
| TOP OF THE 2ND |
|
Burlington Royals batting - Pitching for Orem Owlz : RHP Jeff Shelton
|
|
Batting: RHB Hugo Chavez
|
0-0: Called Strike 0-1: Ball 1-1: Swinging Strike 1-2: Ball 2-2: Strikes out swinging
|
|
Batting: RHB Masakuni Takeuchi
|
0-0: Fly out, F8 (Flyball, 8RXD, EV 92.5 MPH)
|
|
Batting: RHB David Rubio
|
0-0: Ball 1-0: Swinging Strike 1-1: Ball 2-1: Swinging Strike 2-2: Strikes out swinging
|
| Top of the 2nd over - 0 runs, 0 hits, 0 errors, 0 left on base; Burlington 0 - Orem 0 |
| BOTTOM OF THE 2ND |
|
Orem Owlz batting - Pitching for Burlington Royals : RHP Alex Rivas
|
|
Batting: LHB Ramon Garduno
|
0-0: Ball 1-0: Swinging Strike 1-1: Ball 2-1: Called Strike 2-2: Ball 3-2: Base on Balls
|
|
Pitching: RHP Itsuki Eguchi
|
|
|
Batting: RHB Daniel Molina
|
0-0: Called Strike 0-1: Ball 1-1: Ball 2-1: 2-RUN HOME RUN (Flyball, 89XD, EV 107.5 MPH), Distance : 420 ft
|
|
Batting: SHB David Vigo
|
0-0: Ball 1-0: Ball 2-0: Called Strike 2-1: Ball 3-1: Called Strike 3-2: Base on Balls
|
|
Batting: SHB Yuya Hirata
|
0-0: Ball 1-0: Swinging Strike 1-1: Ball David Vigo steals 2nd, throwing error, E2 David Vigo to third 2-1: 2-RUN HOME RUN (Flyball, 9D, EV 96.2 MPH), Distance : 380 ft
|
|
Batting: RHB Brendan Garoutte
|
0-0: Ball 1-0: Foul Ball, location: 2F 1-1: Called Strike 1-2: Strikes out swinging
|
|
Batting: RHB Carlos Gonzales
|
0-0: Called Strike 0-1: Foul Ball, location: 2F 0-2: Ball 1-2: Foul Ball, location: 2F 1-2: Ball 2-2: Foul Ball, location: 2F 2-2: Fly out, F7 (Flyball, 7, EV 91.9 MPH)
|
|
Batting: RHB Joe Hewitt
|
0-0: Ground out 5-3 (Groundball, 56S, EV 86.9 MPH)
|
| Bottom of the 2nd over - 4 runs, 2 hits, 1 error, 0 left on base; Burlington 0 - Orem 4 |
| TOP OF THE 3RD |
|
Burlington Royals batting - Pitching for Orem Owlz : RHP Jeff Shelton
|
|
Batting: LHB Jayden Pelayo
|
0-0: Swinging Strike 0-1: Ball 1-1: Ball 2-1: Ball 3-1: Foul Ball, location: 2F 3-2: Base on Balls
|
|
Batting: SHB Glenn Harrison
|
0-0: Ball 1-0: Foul Ball, location: 2F 1-1: Called Strike 1-2: Foul Ball, location: 2F 1-2: Foul Ball, location: 2F 1-2: Strikes out swinging
|
|
Batting: RHB Angel Melendez
|
0-0: Foul Ball, location: 2F 0-1: Ball 1-1: Swinging Strike 1-2: Ball 2-2: Foul Ball, location: 2F 2-2: Strikes out swinging
|
|
Batting: RHB Shura Mogilny
|
0-0: Fly out, F9 (Flyball, 9, EV 71.9 MPH)
|
| Top of the 3rd over - 0 runs, 0 hits, 0 errors, 1 left on base; Burlington 0 - Orem 4 |
| BOTTOM OF THE 3RD |
|
Orem Owlz batting - Pitching for Burlington Royals : RHP Itsuki Eguchi
|
|
Batting: RHB Fred Saxton
|
0-0: Ball 1-0: SINGLE (Groundball, 6MD, EV 94.4 MPH)
|
|
Batting: RHB Brian Spry
|
0-0: Ball Fred Saxton steals 2nd base (no throw) 1-0: Ground out 4-3 (Groundball, 4, EV 86.9 MPH) Fred Saxton to third
|
|
Batting: LHB Ramon Garduno
|
0-0: Called Strike 0-1: Ball 1-1: Ball 2-1: Ball 3-1: Fly out, F4 (Popup, 13S, EV 88.1 MPH)
|
|
Batting: RHB Daniel Molina
|
0-0: Ball 1-0: Ball 2-0: Foul Ball, location: 2F 2-1: Swinging Strike 2-2: Foul Ball, location: 2F 2-2: Foul Ball, location: 2F 2-2: Foul Ball, location: 2F 2-2: Ball 3-2: 2-RUN HOME RUN (Flyball, 78XD, EV 108.1 MPH), Distance : 425 ft
|
|
Pitching: LHP Brett Reed
|
|
|
Batting: SHB David Vigo
|
0-0: Fly out, F9 (Flyball, 9LM, EV 91.2 MPH)
|
| Bottom of the 3rd over - 2 runs, 2 hits, 0 errors, 0 left on base; Burlington 0 - Orem 6 |
| TOP OF THE 4TH |
|
Burlington Royals batting - Pitching for Orem Owlz : RHP Jeff Shelton
|
|
Batting: RHB Tim Williams
|
0-0: Swinging Strike 0-1: Ball 1-1: Foul Ball, location: 2F 1-2: Fly out, F4 (Popup, 3S, EV 78.1 MPH)
|
|
Batting: SHB Alex Cavazos
|
0-0: Called Strike 0-1: Ground out 6-3 (Groundball, 6, EV 90.6 MPH)
|
|
Batting: RHB Hugo Chavez
|
0-0: Swinging Strike 0-1: Foul Ball, location: 2F 0-2: Ball 1-2: Strikes out looking
|
| Top of the 4th over - 0 runs, 0 hits, 0 errors, 0 left on base; Burlington 0 - Orem 6 |
| BOTTOM OF THE 4TH |
|
Orem Owlz batting - Pitching for Burlington Royals : LHP Brett Reed
|
|
Batting: SHB Yuya Hirata
|
0-0: Ball 1-0: Called Strike 1-1: Foul Ball, location: 2F 1-2: Ball 2-2: Strikes out swinging
|
|
Batting: RHB Brendan Garoutte
|
0-0: Foul Ball, location: 2F 0-1: Called Strike 0-2: Ball 1-2: Ball 2-2: Foul Ball, location: 2F 2-2: Strikes out swinging
|
|
Batting: RHB Carlos Gonzales
|
0-0: Ground out 4-3 (Groundball, 4M, EV 98.8 MPH)
|
| Bottom of the 4th over - 0 runs, 0 hits, 0 errors, 0 left on base; Burlington 0 - Orem 6 |
| TOP OF THE 5TH |
|
Burlington Royals batting - Pitching for Orem Owlz : RHP Jeff Shelton
|
|
Batting: RHB Masakuni Takeuchi
|
0-0: Foul Ball, location: 2F 0-1: Ball 1-1: Foul Ball, location: 2F 1-2: Ball 2-2: Ball 3-2: Ground out U3 (Groundball, 34, EV 83.1 MPH)
|
|
Batting: RHB David Rubio
|
0-0: Swinging Strike 0-1: Ball 1-1: Called Strike 1-2: Strikes out looking
|
|
Batting: LHB Jayden Pelayo
|
0-0: Ground out U3 (Groundball, 34, EV 88.8 MPH)
|
| Top of the 5th over - 0 runs, 0 hits, 0 errors, 0 left on base; Burlington 0 - Orem 6 |
| BOTTOM OF THE 5TH |
|
Orem Owlz batting - Pitching for Burlington Royals : LHP Brett Reed
|
|
Batting: RHB Joe Hewitt
|
0-0: Ball 1-0: Ball 2-0: Ball 3-0: Called Strike 3-1: Foul Ball, location: 2F 3-2: Base on Balls
|
|
Batting: RHB Fred Saxton
|
0-0: Ball 1-0: Ball 2-0: Ball 3-0: Base on Balls Joe Hewitt to second
|
|
Batting: RHB Brian Spry
|
0-0: Ball 1-0: DOUBLE (Line Drive, 89D, EV 110.6 MPH) Joe Hewitt scores Fred Saxton to third
|
|
Batting: LHB Ramon Garduno
|
0-0: DOUBLE (Groundball, 3L, EV 103.1 MPH) Fred Saxton scores Brian Spry scores
|
|
Batting: RHB Daniel Molina
|
0-0: Ball Passed Ball! Ramon Garduno to third 1-0: Foul Ball, location: 2F 1-1: Called Strike 1-2: Ball 2-2: Foul Ball, location: 2F 2-2: Strikes out swinging
|
|
Batting: SHB David Vigo
|
0-0: Swinging Strike Passed Ball! Ramon Garduno scores 0-1: Foul Ball, location: 2F 0-2: Ball 1-2: Strikes out swinging
|
|
Batting: SHB Yuya Hirata
|
0-0: Ball 1-0: SINGLE (Groundball, 6D, EV 99.4 MPH)
|
|
Pitching: RHP Jordan Viveros
|
|
|
Batting: RHB Brendan Garoutte
|
0-0: Ball 1-0: Called Strike 1-1: Fielders Choice at 2nd, 6-4 (Groundball, 6, EV 106.2 MPH)
|
| Bottom of the 5th over - 4 runs, 3 hits, 0 errors, 1 left on base; Burlington 0 - Orem 10 |
| TOP OF THE 6TH |
|
Burlington Royals batting - Pitching for Orem Owlz : RHP Jeff Shelton
|
|
Batting: SHB Glenn Harrison
|
0-0: Swinging Strike 0-1: Foul Ball, location: 2F 0-2: Ball 1-2: Ball 2-2: Ball 3-2: Strikes out swinging, 2-3 out at first.
|
|
Batting: RHB Angel Melendez
|
0-0: Called Strike 0-1: Foul Ball, location: 2F 0-2: Ball 1-2: Strikes out swinging
|
|
Batting: RHB Shura Mogilny
|
0-0: Foul Ball, location: 2F 0-1: Ground out 5-3 (Groundball, 5, EV 83.8 MPH)
|
| Top of the 6th over - 0 runs, 0 hits, 0 errors, 0 left on base; Burlington 0 - Orem 10 |
| BOTTOM OF THE 6TH |
|
Orem Owlz batting - Pitching for Burlington Royals : RHP Jordan Viveros
|
|
Batting: RHB Carlos Gonzales
|
0-0: Foul Ball, location: 2F 0-1: Foul Ball, location: 2F 0-2: Strikes out swinging
|
|
Batting: RHB Joe Hewitt
|
0-0: Foul Ball, location: 2F 0-1: Ball 1-1: Ball 2-1: Foul Ball, location: 2F 2-2: Strikes out swinging
|
|
Batting: RHB Fred Saxton
|
0-0: Ball 1-0: Called Strike 1-1: Foul Ball, location: 2F 1-2: Strikes out swinging
|
| Bottom of the 6th over - 0 runs, 0 hits, 0 errors, 0 left on base; Burlington 0 - Orem 10 |
| TOP OF THE 7TH |
|
Burlington Royals batting - Pitching for Orem Owlz : RHP Jeff Shelton
|
|
Batting: RHB Tim Williams
|
0-0: Swinging Strike 0-1: Called Strike 0-2: Strikes out swinging
|
|
Batting: SHB Alex Cavazos
|
0-0: SINGLE (Groundball, 4D, EV 103.1 MPH)
|
|
Pitching: RHP Kunihiro Sasaki
|
|
|
Batting: RHB Hugo Chavez
|
0-0: Ball 1-0: Ball 2-0: Ball 3-0: Base on Balls Alex Cavazos to second
|
|
Batting: RHB Masakuni Takeuchi
|
0-0: Called Strike 0-1: Called Strike 0-2: Ball 1-2: Foul Ball, location: 2F 1-2: Ball 2-2: Foul Ball, location: 2F 2-2: Foul Ball, location: 2F 2-2: Strikes out looking
|
|
Batting: RHB David Rubio
|
0-0: Hit by Pitch Alex Cavazos to third Hugo Chavez to second
|
|
Batting: LHB Jayden Pelayo
|
0-0: Foul Ball, location: 2F 0-1: Hit by Pitch Alex Cavazos scores Hugo Chavez to third David Rubio to second
|
|
Batting: SHB Glenn Harrison
|
0-0: Ball 1-0: Called Strike 1-1: Foul Ball, location: 2F 1-2: Ball 2-2: Strikes out swinging
|
| Top of the 7th over - 1 run, 1 hit, 0 errors, 3 left on base; Burlington 1 - Orem 10 |
| BOTTOM OF THE 7TH |
|
Orem Owlz batting - Pitching for Burlington Royals : RHP Jordan Viveros
|
|
Batting: RHB Brian Spry
|
0-0: Ball 1-0: Ball 2-0: Called Strike 2-1: Foul Ball, location: 2F 2-2: Strikes out swinging
|
|
Batting: LHB Ramon Garduno
|
0-0: Called Strike 0-1: Ball 1-1: Ball 2-1: Foul Ball, location: 2F 2-2: Ground out 2-3 (Groundball, 2L, EV 63.1 MPH)
|
|
Batting: RHB Daniel Molina
|
0-0: Foul Ball, location: 2F 0-1: Swinging Strike 0-2: Ball 1-2: Ball 2-2: Strikes out looking
|
| Bottom of the 7th over - 0 runs, 0 hits, 0 errors, 0 left on base; Burlington 1 - Orem 10 |
| TOP OF THE 8TH |
|
Burlington Royals batting - Pitching for Orem Owlz : RHP Kunihiro Sasaki
|
|
Batting: RHB Angel Melendez
|
0-0: Called Strike 0-1: Ball 1-1: Ball 2-1: Foul Ball, location: 2F 2-2: Strikes out swinging
|
|
Batting: RHB Shura Mogilny
|
0-0: Ball 1-0: Swinging Strike 1-1: Called Strike 1-2: Foul Ball, location: 2F 1-2: SINGLE (Line Drive, 4MD, EV 98.1 MPH)
|
|
Pitching: RHP Javier Carrasco
|
|
|
Batting: RHB Tim Williams
|
0-0: Ball 1-0: Called Strike 1-1: Fly out, F8 (Flyball, 8LD, EV 83.8 MPH)
|
|
Batting: SHB Alex Cavazos
|
0-0: Foul Ball, location: 2F 0-1: Ball 1-1: Foul Ball, location: 2F 1-2: Ball 2-2: Foul Ball, location: 2F 2-2: Strikes out swinging
|
| Top of the 8th over - 0 runs, 1 hit, 0 errors, 1 left on base; Burlington 1 - Orem 10 |
| BOTTOM OF THE 8TH |
|
Orem Owlz batting - Pitching for Burlington Royals : RHP Jordan Viveros
|
|
Batting: SHB David Vigo
|
0-0: Ball 1-0: Foul Ball, location: 2F 1-1: Ball 2-1: Foul Ball, location: 2F 2-2: Ground out U3 (Groundball, 3, EV 91.9 MPH)
|
|
Batting: SHB Yuya Hirata
|
0-0: Foul Ball, location: 2F 0-1: SOLO HOME RUN (Line Drive, 9D, EV 101.2 MPH), Distance : 393 ft
|
|
Batting: RHB Brendan Garoutte
|
0-0: Swinging Strike 0-1: Ball 1-1: Called Strike 1-2: Strikes out swinging
|
|
Pinch Hitting: LHB Bill Girton
|
0-0: Ball 1-0: Ball 2-0: Ball 3-0: Base on Balls
|
|
Batting: RHB Joe Hewitt
|
0-0: Swinging Strike 0-1: Swinging Strike 0-2: Ball 1-2: Ball 2-2: Foul Ball, location: 2F 2-2: Ball 3-2: Foul Ball, location: 2F 3-2: Base on Balls Bill Girton to second
|
|
Pitching: RHP Jerry Yusko
|
|
|
Batting: RHB Fred Saxton
|
0-0: Foul Ball, location: 2F 0-1: Ball 1-1: SINGLE (Groundball, 6S, EV 74.4 MPH) (infield hit) Bill Girton to third Joe Hewitt to second
|
|
Batting: RHB Brian Spry
|
0-0: Ball 1-0: Foul Ball, location: 2F 1-1: SINGLE (Groundball, 56S, EV 67.5 MPH) (infield hit) Bill Girton scores Joe Hewitt to third Fred Saxton to second
|
|
Batting: LHB Ramon Garduno
|
0-0: Called Strike 0-1: Ball 1-1: Swinging Strike Passed Ball! Joe Hewitt scores Fred Saxton to third Brian Spry to second 1-2: Ball 2-2: Ground out 4-3 (Groundball, 4, EV 92.5 MPH)
|
| Bottom of the 8th over - 3 runs, 3 hits, 0 errors, 2 left on base; Burlington 1 - Orem 13 |
| TOP OF THE 9TH |
|
Burlington Royals batting - Pitching for Orem Owlz : RHP Javier Carrasco
|
|
Now in CF: Ivan Barrientos
|
|
|
Batting: RHB Hugo Chavez
|
0-0: Foul Ball, location: 2F 0-1: Ball 1-1: Ball 2-1: SINGLE (Groundball, 56D, EV 105.0 MPH)
|
|
Batting: RHB Masakuni Takeuchi
|
0-0: Fly out, F8 (Flyball, 8LXD, EV 106.9 MPH)
|
|
Batting: RHB David Rubio
|
0-0: Swinging Strike 0-1: Foul Ball, location: 2F 0-2: Ball 1-2: Ball 2-2: Foul Ball, location: 2F 2-2: Strikes out swinging
|
|
Batting: LHB Jayden Pelayo
|
0-0: Ball 1-0: Called Strike 1-1: Ground out 1-3 (Groundball, 15S, EV 75.0 MPH)
|
| Top of the 9th over - 0 runs, 1 hit, 0 errors, 1 left on base; Burlington 1 - Orem 13 |
|